 Dungeon Crawl Stone Soup version 0.29-a0-757-g358383bc75 (webtiles) character file.

Game seed: 14280841045632167177

153 garrulousMonolith the Insei (level 5, 0/41 HPs)
             Began as a Gnoll Transmuter on June 30, 2022.
             Slain by an ice beast (9 damage)
             ... on level 4 of the Dungeon.
             The game lasted 00:03:43 (2923 turns).

garrulousMonolith the Insei (Gnoll Transmuter)      Turns: 2923, Time: 00:03:44

Health: 0/41       AC:  3    Str: 11    XL:     5   Next: 35%
Magic:  9/12       EV: 13    Int: 13    God:
Gold:   184        SH:  0    Dex: 12    Spells: 1/14 levels left

rFire   . . .      SeeInvis .   z - +3 hammer (vorpal)
rCold   . . .      Faith    .   (no shield)
rNeg    . . .      Spirit   .   a - +0 robe
rPois   .          Reflect  .   (helmet currently unavailable)
rElec   .          Harm     .   u - +0 cloak
rCorr   .          Rampage  .   (no gloves)
Will    .....                   (boots currently unavailable)
Stlth   ++........              (no amulet)
HPRegen 0.13/turn               p - ring of wizardry
MPRegen 0.13/turn               (no ring)

@: appendages, wereblooded
A: horns 2, talons 2, fangs 1, strong nose, distributed training
a: End Transformation


You were on level 4 of the Dungeon.
You had temporarily grown beastly horns and talons.
You visited 1 branch of the dungeon, and saw 4 of its levels.

You collected 184 gold pieces.

Inventory:

Hand Weapons
 r - a +3 dagger
 y - a +4 hammer
 z - a +3 vorpal hammer (weapon)
Missiles
 w - 6 poisoned darts
Armour
 a - a +0 robe (worn)
 q - a +0 helmet (melded)
 u - a +0 cloak (worn)
Jewellery
 p - a ring of wizardry (left hand)
Scrolls
 d - 2 scrolls of vulnerability
 e - a scroll of torment {unknown}
 f - 2 scrolls of identify {unknown}
 j - a scroll of enchant weapon {unknown}
 k - 2 scrolls of magic mapping {unknown}
 l - a scroll of fog {unknown}
 m - a scroll of noise {unknown}
 n - a scroll of brand weapon {unknown}
 o - a scroll of poison {unknown}
 t - a scroll of teleportation {unknown}
Potions
 b - a potion of lignification
 c - 4 potions of curing {unknown}
 g - 2 potions of heal wounds {unknown}
 h - a potion of mutation {unknown}
 i - a potion of magic {unknown}
 s - a potion of attraction {unknown}
 v - a potion of brilliance {unknown}
 x - a potion of degeneration {unknown}


   Skills:
 + Level 3.0 Fighting
 + Level 1.5 Short Blades
 + Level 1.5 Long Blades
 + Level 1.5 Axes
 + Level 1.5 Maces & Flails
 + Level 1.5 Polearms
 + Level 1.5 Staves
 + Level 1.5 Ranged Weapons
 + Level 1.5 Throwing
 + Level 1.5 Armour
 + Level 4.8 Dodging
 + Level 1.5 Stealth
 + Level 1.5 Shields
 + Level 6.7 Unarmed Combat
 + Level 5.2 Spellcasting
 + Level 1.2 Conjurations
 + Level 1.2 Hexes
 + Level 1.2 Summonings
 + Level 1.2 Necromancy
 + Level 1.2 Translocations
 + Level 4.0 Transmutations
 + Level 1.2 Fire Magic
 + Level 1.2 Ice Magic
 + Level 1.2 Air Magic
 + Level 1.2 Earth Magic
 + Level 1.2 Poison Magic
 + Level 1.7 Invocations
 + Level 1.5 Evocations


You had one spell level left.
You knew the following spells:

 Your Spells              Type           Power      Damage    Failure   Level
a - Beastly Appendage     Tmut           26%        N/A       1%          1
b - Wereblood             Tmut           13%        N/A       2%          2
c - Spider Form           Tmut/Pois      10%        N/A       8%          3
d - Blink                 Tloc           12%        N/A       7%          2
e - Ice Form              Ice/Tmut       10%        N/A       26%         4
f - Apportation           Tloc           12%        N/A       4%          1

Your spell library contained the following spells:

 Spells                   Type           Power      Damage    Failure   Level
 Sublimation of Blood     Necr           6%         N/A       7%          2
 Lesser Beckoning         Tloc           6%         N/A       13%         3
 Alistair's Intoxication  Tmut/Pois      6%         N/A       54%         5
 Manifold Assault         Tloc           6%         N/A       73%         5
 Summon Hydra             Summ           3%         N/A       100%        7


Dungeon Overview and Level Annotations

Branches:
Dungeon (4/15)
 Temple: D:4-7

Altars:
Sif Muna


Innate Abilities, Weirdness & Mutations

You have temporarily grown beastly horns and talons.
You have very sharp teeth.
Your uncanny sense of smell can sniff out nearby items.
Your experience applies equally to all skills.


Message History

No target in view!
No target in view!
No target in view!
Things that are here:
a +0 dagger; a kobold corpse
Found a stone staircase leading down.
A dart slug comes into view.
An ice beast comes into view.
You barely miss the dart slug. The dart slug barely misses you.
You hit the dart slug. You bite the dart slug.
The dart slug is almost dead.
The dart slug launches a dart at you. The slug dart hits you.
You sock the dart slug!
You kill the dart slug!
You see here a dart slug corpse.
You sock the ice beast!
The ice beast is moderately wounded.
The ice beast closely misses you.
You hit the ice beast.
The ice beast is heavily wounded.
The ice beast barely misses you. The ice beast hits you.
The ice beast freezes you!
You are too injured to fight recklessly!
You are too injured to fight recklessly!
You are too injured to fight recklessly!
An ice beast is nearby!
Casting: Spider Form (dangerous; 8% risk of failure)
Confirm with . or Enter, or press ? or * to list all spells.
Your blood is infused with primal strength.
The ice beast hits you. The ice beast freezes you!
* * * LOW HITPOINT WARNING * * *
The ice beast barely misses you.
Casting: Wereblood (safe; 2% risk of failure)
Confirm with . or Enter, or press ? or * to list all spells.
You grow a pair of large bovine horns.
Your feet morph into talons.
Your +0 helmet melds into your body.
The ice beast hits you.
* * * LOW HITPOINT WARNING * * *
The ice beast freezes you!
You die...

#. ##.#####
#.####......
...........
..........#
........##
#.......#...
#..Y....... #..@#
#...## .. #....# ..
#.#####.#..# #.#
#.....###..# #. #..
#.....## #..#.##.
#.## #.###..# ......>
# #.####..##..#
......# #
#...........####....#


You could see an ice beast.

Vanquished Creatures
  Crazy Yiuf (D:3)
  Robin (D:3)
  2 adders
  4 dart slugs
  An orc (D:3)
  3 bats
  3 endoplasms
  4 giant cockroaches
  14 goblins
  10 hobgoblins
  13 jackals
  5 ball pythons
  5 frilled lizards
  3 kobolds
  6 rats
75 creatures vanquished.

Vanquished Creatures (others)
  5 demonic plants (D:2)
  3 fungi (D:2)
  10 plants (D:2)
  3 withered plants (D:2)
21 creatures vanquished.

Grand Total: 96 creatures vanquished

Notes
Turn   | Place    | Note
-------+----------+-------------------------------------------
     0 | D:1      | garrulousMonolith the Gnoll Transmuter began the quest for
                  | the Orb.
     0 | D:1      | Reached XP level 1. HP: 17/17 MP: 6/6
    86 | D:1      | Reached XP level 2. HP: 20/23 MP: 7/7
   342 | D:1      | Learned a level 2 spell: Wereblood
   591 | D:1      | Reached skill level 5 in Spellcasting
   591 | D:1      | Reached XP level 3. HP: 27/28 MP: 3/9
   966 | D:1      | Reached skill level 1 in Invocations
  1657 | D:2      | Reached skill level 1 in Short Blades
  1657 | D:2      | Reached skill level 1 in Long Blades
  1657 | D:2      | Reached skill level 1 in Axes
  1657 | D:2      | Reached skill level 1 in Maces & Flails
  1657 | D:2      | Reached skill level 1 in Polearms
  1657 | D:2      | Reached skill level 1 in Staves
  1657 | D:2      | Reached skill level 1 in Ranged Weapons
  1657 | D:2      | Reached skill level 1 in Throwing
  1657 | D:2      | Reached skill level 1 in Armour
  1657 | D:2      | Reached skill level 1 in Stealth
  1657 | D:2      | Reached skill level 1 in Shields
  1657 | D:2      | Reached skill level 1 in Evocations
  1689 | D:2      | Reached XP level 4. HP: 27/34 MP: 7/11
  1886 | D:2      | Found a faded altar of an unknown god.
  1893 | D:2      | Learned a level 3 spell: Spider Form
  2237 | D:3      | Noticed Robin
  2249 | D:3      | Reached skill level 1 in Conjurations
  2249 | D:3      | Reached skill level 1 in Hexes
  2249 | D:3      | Reached skill level 1 in Summonings
  2249 | D:3      | Reached skill level 1 in Necromancy
  2249 | D:3      | Reached skill level 1 in Translocations
  2249 | D:3      | Reached skill level 1 in Fire Magic
  2249 | D:3      | Reached skill level 1 in Ice Magic
  2249 | D:3      | Reached skill level 1 in Air Magic
  2249 | D:3      | Reached skill level 1 in Earth Magic
  2249 | D:3      | Reached skill level 1 in Poison Magic
  2259 | D:3      | Killed Robin
  2342 | D:3      | Learned a level 2 spell: Blink
  2347 | D:3      | Learned a level 4 spell: Ice Form
  2526 | D:3      | Found a shimmering blue altar of Sif Muna.
  2538 | D:3      | Reached XP level 5. HP: 40/40 MP: 7/12
  2609 | D:3      | Learned a level 1 spell: Apportation
  2655 | D:3      | Found a runed translucent door.
  2656 | D:3      | Noticed Crazy Yiuf
  2825 | D:3      | Killed Crazy Yiuf
  2914 | D:4      | Noticed an ice beast
  2923 | D:4      | Slain by an ice beast

Illustrated notes

Levels and vault maps discovered:
D:1:      mrwooster_arrival_statue, layout_basic
D:2:      layout_loops_ring, shapermc_ecumenical_altar_gd
D:3:      layout_basic, mainiacjoe_overflow_small_starburst, serial_glass,
          glass_columns_b, glass_columns_a, uniq_robin, uniq_crazy_yiuf_cottage
D:4:      layout_layer_cave, cheibrodos_ashenzari_chains,
          minmay_temple_entry_overgrown

Skill      XL: |  1  2  3  4  5 |
---------------+----------------+-----
Spellcasting   | 5 |  5.2
Invocations    | 1 |  1.7
Short Blades   | 1 |  1.5
Long Blades    | 1 |  1.5
Axes           | 1 |  1.5
Maces & Flails | 1 |  1.5
Polearms       | 1 |  1.5
Staves         | 1 |  1.5
Ranged Weapons | 1 |  1.5
Throwing       | 1 |  1.5
Armour         | 1 |  1.5
Stealth        | 1 |  1.5
Shields        | 1 |  1.5
Evocations     | 1 |  1.5
Conjurations   | 1 |  1.2
Hexes          | 1 |  1.2
Summonings     | 1 |  1.2
Necromancy     | 1 |  1.2
Translocations | 1 |  1.2
Fire Magic     | 1 |  1.2
Ice Magic      | 1 |  1.2
Air Magic      | 1 |  1.2
Earth Magic    | 1 |  1.2
Poison Magic   | 1 |  1.2
Fighting       | 3 |  3.0
Transmutations | 4 |  4.0
Dodging        | |  4.8
Unarmed Combat | |  6.7

Action                   |  1- 3 |  4- 6 || total
-------------------------+-------+-------++-------
Melee: Unarmed           |    86 |    71 ||   157
       Kick              |    13 |     5 ||    18
       Headbutt          |     2 |     1 ||     3
       Bite              |     3 |     6 ||     9
       Punch             |       |     1 ||     1
       Mace              |       |    10 ||    10
 Cast: Beastly Appendage |    12 |     3 ||    15
       Wereblood         |     3 |     5 ||     8
       Spider Form       |       |     6 ||     6
  Use: Scroll            |     1 |       ||     1
 Stab: Sleeping          |       |     4 ||     4
Armor: Robe              |    19 |     5 ||    24
Dodge: Dodged            |    71 |    54 ||   125

Table legend: (Time is in decaauts)
 A = Elapsed time spent in this place.
 B = Non-inter-level travel time spent in this place.
 C = Inter-level travel time spent in this place.
 D = Time resting spent in this place.
 E = Time spent auto-exploring this place.
 F = Levels seen in this place.
 G = Mean time per level.
                   A        B        C        D        E       F      G
               +--------+--------+--------+--------+--------+-----+--------+
         Total |   2905 |   2837 |     68 |     14 |   2297 |   4 |  726.2 |
       Dungeon |   2905 |   2837 |     68 |     14 |   2297 |   4 |  726.2 |
               +--------+--------+--------+--------+--------+-----+--------+

Top non-repeatable levels by time:
     D:1: 1166 daAuts
     D:2: 999 daAuts
     D:3: 663 daAuts
     D:4: 75 daAuts
